 Dungeon Crawl Stone Soup version bcrawl-1.27.6 (webtiles) character file.

Game seed: 11866883017010877701

543494 AxeAttX the Severer (level 14, 0/138 HPs)
             Began as a Minotaur Archaeologist on Sept 8, 2020.
             Was a High Priest of Uskayaw.
             Slain by a six-headed hydra (2 damage)
             ... on level 3 of the Swamp.
             The game lasted 00:21:17 (17146 turns).

AxeAttX the Severer (Minotaur Archaeologist)       Turns: 17146, Time: 00:21:17

Health: 0/138      AC: 19    Str: 20    XL:     14   Next: 57%
Magic:  18/18      EV:  0    Int: 15    God:    Uskayaw [*****.]
Gold:   729        SH: 24    Dex: 10    Spells: 13/13 levels left

rFire    . . .     SeeInvis .   a - +6 broad axe (freeze)
rCold    . . .     Gourm    .   S - +8 large shield "Ugramm" {*Contam +Blink Int+4}
rNeg     . . .     Faith    .   b - +0 plate armour
rPois    +         Spirit   .   T - +1 hat
rElec    +         Reflect  .   N - scarf {clouds}
rCorr    .         Harm     .   E - +0 pair of gloves
MR       +....                  K - +1 pair of boots
Stlth    ..........             f - amulet of Vuidak {Rage Slay+5}
HPRegen  0.33/turn              o - ring of poison resistance
MPRegen  0.16/turn              V - ring of insulation

@: lethally poisoned (0 -> -1), hasted and slowed
A: retaliatory headbutt, horns 2
a: Stomp, Line Pass, Grand Finale, Renounce Religion, Evoke Blink, Evoke Fog,
Evoke Berserk Rage


You were on level 3 of the Swamp.
You worshipped Uskayaw.
Uskayaw was noncommittal.
You were hungry.

You visited 4 branches of the dungeon, and saw 21 of its levels.

You collected 1310 gold pieces.
You spent 581 gold pieces at shops.

Inventory:

Hand Weapons
 a - a +6 broad axe of freezing (weapon)
   (You bought it in a shop on level 9 of the Dungeon)
 u - a cursed +5 flail
   (You took it off a wight on level 7 of the Dungeon)
Missiles
 C - a throwing net {=f}
 Y - 33 poisoned tomahawks (quivered)
Armour
 b - a +0 plate armour (worn)
   (You took it off an orc warrior on level 7 of the Dungeon)
 E - a +0 pair of gloves (worn)
   (You found it on level 6 of the Dungeon)
 K - a +1 pair of boots (worn)
 N - a scarf of clouds (worn)
   (You found it on level 9 of the Dungeon)
 S - the +8 large shield "Ugramm" (worn) {*Contam +Blink Int+4}
   (You found it on level 1 of the Lair of Beasts)

   It affects your intelligence (+4).
   It lets you blink.
   It causes magical contamination when unequipped.
 T - a +1 hat (worn)
   (You took it off Gastronok on level 1 of the Lair of Beasts)
Jewellery
 f - the amulet of Vuidak (around neck) {Rage Slay+5}
   (You acquired it on level 3 of the Dungeon)

   [amulet of rage]

   It affects your accuracy and damage with ranged weapons and melee attacks
   (+5).
 i - an uncursed ring of see invisible
   (You found it on level 8 of the Dungeon)
 j - an uncursed amulet of rage {unknown}
   (You found it on level 4 of the Lair of Beasts)
 k - an uncursed ring of resist corrosion
   (You found it on level 1 of the Lair of Beasts)
 o - a ring of poison resistance (left hand)
   (You found it on level 2 of the Dungeon)
 U - an uncursed ring of fire
   (You found it on level 1 of the Dungeon)
 V - a ring of insulation (right hand)
   (You found it on level 2 of the Lair of Beasts)
Wands
 s - a wand of paralysis (4)
   (You found it on level 2 of the Swamp)
 v - a wand of digging (8)
   (You took it off Nergalle on level 4 of the Lair of Beasts)
 A - a wand of acid (25)
   (You found it on level 5 of the Dungeon)
 B - a wand of scattershot (6)
   (You found it on level 5 of the Dungeon)
 G - a wand of iceblast (17)
   (You found it on level 8 of the Dungeon)
 H - a wand of disintegration (12)
   (You found it on level 11 of the Dungeon)
Scrolls
 g - 5 scrolls of magic mapping
 l - a scroll of teleportation
 p - 6 scrolls of immolation
 r - a scroll of identify
 t - 3 scrolls of fog
 y - 3 scrolls of enchant armour
 L - 6 scrolls of remove curse
 W - a scroll of brand weapon
 X - a scroll of amnesia
 Z - a scroll of silence {unknown}
Potions
 c - a potion of invisibility
 d - 2 potions of might
 h - 2 potions of haste
 m - 11 potions of curing
 n - a potion of magic {unknown}
 q - a potion of mutation
 w - 4 potions of heal wounds
 J - 6 potions of flight
 O - a potion of cancellation
 R - a potion of agility {unknown}
Comestibles
 e - 30 rations {!d}


   Skills:
 * Level 16.7 Fighting
 * Level 16.8(17.1) Axes
 - Level 5.0(12.3) Maces & Flails
 + Level 10.9 Armour
 - Level 3.2 Dodging
 - Level 2.6 Stealth
 + Level 7.8 Shields
 + Level 7.8 Invocations
 - Level 5.0 Evocations


You had 13 spell levels left.
You didn't know any spells.
Your spell library contained the following spells:

 Spells                   Type           Power        Failure   Level  Hunger
 Magic Dart               Conj           #...         100%        1    None
 Blink                    Tloc           N/A          100%        2    ####...
 Call Imp                 Summ           #.....       100%        2    ####...
 Conjure Flame            Conj/Fire      #.......     100%        3    #####..
 Mephitic Cloud           Conj/Pois/Air  #.......     100%        3    #####..
 Spider Form              Tmut/Pois      #..          100%        3    #####..
 Iskenderun's Battlesphe  Conj/Chrm      #.......     100%        5    #######
 Piercing Shot            Chrm           #.........   100%        5    #######
 Silence                  Hex/Air        #.........   100%        5    #######
 Deflect Missiles         Chrm/Air       #.........   100%        6    #######
 Infestation              Hex/Tmut/Pois  #........    100%        6    #######
 Discord                  Hex            #.........   100%        8    #######


Dungeon Overview and Level Annotations

Branches:
Dungeon (12/12)            Temple (1/1) D:6            Lair (5/6) D:8
  Swamp (3/3) Lair:3       Spider (0/3) Lair:2        Slime (0/5) Lair:5
    Orc (0/1) D:8
 Vaults: D:11-12     Depths: D:12

Altars:
Ashenzari
Cheibriados
Dithmenos
Elyvilon
Fedhas
Gozag
Hepliaklqana
Kikubaaqudgha
Lugonu
Makhleb
Nemelex Xobeh
Okawaru
Qazlal
Ru
Sif Muna
Trog
Uskayaw
Vehumet
Xom
Yredelemnul
Zin
The Shining One
Jiyva

Shops:
D:5 ?   D:7 *   D:8 !   D:9 (

Portals:
Trove: D:10 (give 6 scrolls of blinking)

Annotations:
D:2 1 runed door
D:9 2 transporters
D:12 Rupert
Lair:3 2 transporters, exclusion: 2 oklob plants
Lair:5 2 transporters, MisterOstroum's ghost, journeyman MiRe


Innate Abilities, Weirdness & Mutations

You reflexively headbutt those who attack you in melee.
You have a pair of horns on your head.


Message History

The ghost crab breathes spectral mist at you.
The spectral mist engulfs the briar patch but does no damage.
The thorn hunter hits you but does no damage. x2
A six-headed hydra comes into view.
You hear a deafening roar! x3; You hear a roar! x2
You feel much better.
You feel sick.
The briar patch is engulfed in spectral mist. x2
The briar patch is destroyed!
The swamp dragon is no longer sharing its pain.
The briar patch is engulfed in spectral mist.
The briar patch crumbles away.
The ghost crab is no longer sharing its pain.
The briar patch is engulfed in spectral mist.
The briar patch crumbles away.
The briar patch is engulfed in spectral mist.
The briar patch crumbles away. x3; You block the thorn hunter's attack. x2
The swamp dragon breathes poison at you.
You resist.
The blast of poison engulfs you but does no damage.
The ghost crab breathes spectral mist at you.
The spectral mist engulfs the briar patch but does no damage.
A ghost crab comes into view.
The swamp dragon bites you!
* * * LOW HITPOINT WARNING * * *
You block the swamp dragon's attack. The swamp dragon tramples you.
* * * LOW HITPOINT WARNING * * *
You stumble backwards!
The thorn hunter hits you but does no damage. x2
The ghost crab breathes spectral mist at you.
The spectral mist engulfs the briar patch but does no damage.
You hear a deafening roar!
You hear a roar!
You hear a deafening roar!
You hear a roar! x3
You feel much better.
The briar patch is engulfed in spectral mist.
The briar patch is destroyed!
The briar patch crumbles away.
The briar patch is engulfed in spectral mist.
The briar patch is destroyed!
The briar patch is engulfed in spectral mist. x2
The briar patch is destroyed!
The briar patch is engulfed in spectral mist.
The briar patch is destroyed!
The thorn hunter hits you!
* * * LOW HITPOINT WARNING * * *
You block the thorn hunter's attack. You block the swamp dragon's attack. x2
The swamp dragon tramples you but does no damage.
You block the thorn hunter's attack. The thorn hunter hits you!
* * * LOW HITPOINT WARNING * * *
Okay, then.
You feel yourself speed up.
You feel sick.
The briar patch crumbles away. x4
You block the swamp dragon's attack. The swamp dragon claws you.
* * * LOW HITPOINT WARNING * * *
The swamp dragon tramples you but does no damage.
A swamp drake comes into view.
The ghost crab breathes spectral mist at you.
The spectral mist engulfs you but does no damage.
The ghost crab breathes spectral mist at you.
The spectral mist engulfs you but does no damage.
You block the thorn hunter's attack. x2
The six-headed hydra is engulfed in spectral mist.
The swamp dragon is engulfed in spectral mist.
The swamp dragon bites you!
* * * LOW HITPOINT WARNING * * *
The swamp dragon claws you but does no damage.
The swamp dragon tramples you but does no damage.
The ghost crab breathes spectral mist at you.
The spectral mist engulfs you but does no damage.
The swamp drake moves out of view.
Okay, then.
The briar patch crumbles away.
The swamp dragon is engulfed in spectral mist.
The swamp dragon dies!
The ghost crab breathes spectral mist at you.
The spectral mist engulfs you but does no damage.
A swamp dragon comes into view.
The ghost crab breathes spectral mist at you.
The spectral mist engulfs the spectral swamp drake but does no damage.
You block the six-headed hydra's attack. x2
The six-headed hydra bites you.
* * * LOW HITPOINT WARNING * * *
The six-headed hydra bites you but does no damage. x3
You feel much better.
The swamp dragon roars deafeningly!
You hear a deafening roar!
You hear a roar! x2
The thorn hunter is engulfed in spectral mist.
The thorn hunter hits you but does no damage.
You block the thorn hunter's attack.
The ghost crab breathes spectral mist at you.
The spectral mist engulfs the spectral swamp drake but does no damage.
The thorn hunter is engulfed in spectral mist.
The thorn hunter fires a volley of thorns at you.
The volley of thorns hits you!!
* * * LOW HITPOINT WARNING * * *
The six-headed hydra completely misses you.
You furiously retaliate!
You headbutt the six-headed hydra. The six-headed hydra bites you.
* * * LOW HITPOINT WARNING * * *
The six-headed hydra bites you but does no damage.
You block the six-headed hydra's attack.
The six-headed hydra bites you.
You die...

♣≈.≈≈≈≈≈≈≈≈≈
♣♣.≈≈≈..≈≈≈≈≈ ♣≈.
♣....≈≈≈≈≈≈≈≈ §...
♣≈≈♣.≈§.≈≈≈≈≈
.≈≈.♣♣♣♣♣♣..≈≈≈≈≈≈
....≈≈♣♣♣....≈≈≈≈≈
.≈.....§≈§♣♣≈≈.≈≈≈
≈..≈≈☼≈ZZ♣♣ ♣≈..♣≈
≈≈≈≈≈☼°§@§♣♣ ♣≈≈≈.
≈≈§t☼☼ZDf.§♣♣♣♣♣♣≈
☼.Z.☼○°○§°≈.≈...♣
≈.°°☼♣♣§)≈≈..≈≈≈.
≈t°☼♣ ♣!°≈≈≈.≈≈≈♣
..☼≈ ♣D≈.≈.♣♣♣.♣
☼☼. .≈..≈..♣ ≈ .
.##≈.≈..♣ .k
##♣....§


You could see a thorn hunter, a six-headed hydra, a swamp dragon, 2 ghost crabs,
a spectral cane toad, 2 spectral swamp drakes and a spectral hornet.

Vanquished Creatures
  Gastronok (Lair:1)
  Kirke (Lair:3)
  Nessos (D:12)
  A yaktaur captain (D:12)
  Urug (Lair:4)
  An ice dragon (Lair:4)
  3 hydras
  An anaconda (Lair:2)
  Erica (D:11)
  A death yak (Lair:3)
  Erolcha (D:11)
  2 alligators (Swamp:1)
  3 centaur warriors
  5 two-headed ogres
  A tengu warrior (D:11)
  Sonja (D:11)
  Nergalle (Lair:4)
  A swamp dragon (Swamp:2)
  2 cyclopes
  A deep elf mage (D:12)
  3 manticores
  An elephant (Lair:2)
  3 black mambas
  7 centaur zombies
  10 cane toads
  3 komodo dragons
  An efreet (D:12)
  A yaktaur (D:12)
  5 trolls
  A tengu conjurer (D:11)
  3 tyrant leeches
  A polar bear (Lair:3)
  5 hornets
  4 slime creatures
  9 blink frogs
  8 hippogriffs
  2 bog bodies
  A dream sheep (Lair:3)
  2 spriggans (Swamp:3)
  A shadow (D:12)
  3 hogs (Lair:3)
  5 wyverns
  41 yaks
  Grum (D:10)
  3 basilisks
  9 humans (D:12)
  A steam dragon (Lair:3)
  5 vampire mosquitoes
  7 crocodiles
  A soldier ant (D:11)
  2 swamp worms (Lair:3)
  3 water moccasins
  An eye of draining (D:10)
  6 porcupines
  4 swamp drakes
  4 sky beasts
  A black bear (D:10)
  8 orc warriors
  An ice beast (D:8)
  2 necrophages
  7 ogres
  28 wolves
  6 centaurs
  16 bullfrogs
  A big kobold (D:7)
  A gnoll sergeant (D:11)
  5 scorpions
  A wyvern skeleton (D:9)
  3 killer bees (D:11)
  15 wights
  2 howler monkeys (D:9)
  5 crimson imps
  A bullfrog zombie (D:9)
  2 hounds
  5 orc priests
  6 jellies
  4 orc wizards
  2 centaur skeletons
  A gnoll shaman (D:5)
  3 iguanas
  9 worker ants
  A hound zombie (D:8)
  A hound skeleton (D:8)
  A worker ant zombie (D:9)
  15 gnolls
  3 adders
  A howler monkey skeleton (D:10)
  4 shadow imps
  3 white imps (Lair:4)
  4 oozes (Lair:5)
  An adder zombie (D:5)
  3 worms
  2 dart slugs
  5 leopard geckos
  35 orcs
  A ball python (D:3)
  3 giant cockroaches
  4 goblins
  6 hobgoblins
  3 jackals (D:7)
  12 kobolds
  4 quokkas
  11 bats
  A quokka skeleton (D:5)
  5 rats
  4 fungi (D:8)
  2 plants
467 creatures vanquished.

Vanquished Creatures (others)
  A spriggan druid (Swamp:3)
  A swamp dragon (Swamp:3)
  A water moccasin (Lair:5)
  6 briar patches (Swamp:3)
  2 fungi (D:8)
  8 plants
19 creatures vanquished.

Grand Total: 486 creatures vanquished

Notes
Turn   | Place    | Note
-------+----------+-------------------------------------------
     0 | D:1      | AxeAttX the Minotaur Archaeologist began the quest for the
                  | Orb.
     0 | D:1      | Reached XP level 1. HP: 16/16 MP: 0/0
    78 | D:1      | Reached skill level 2 in Fighting
    78 | D:1      | Reached skill level 2 in Maces & Flails
    78 | D:1      | Reached XP level 2. HP: 14/24 MP: 1/1
   572 | D:2      | Found a runed door.
  1003 | D:2      | Reached XP level 3. HP: 30/30 MP: 2/2
  1190 | D:3      | Noticed an ogre
  1203 | D:3      | Killed an ogre
  1203 | D:3      | Reached skill level 4 in Fighting
  1203 | D:3      | Reached skill level 4 in Maces & Flails
  1203 | D:3      | Reached XP level 4. HP: 40/40 MP: 3/3
  1360 | D:3      | Reached XP level 5. HP: 23/47 MP: 4/4
  1360 | D:3      | Identified a scroll of acquirement
  1361 | D:3      | Identified the amulet of Vuidak {Rage Slay+5} (You acquired
                  | it on level 3 of the Dungeon)
  1644 | D:3      | Noticed an ogre
  1651 | D:3      | Killed an ogre
  1651 | D:3      | Reached skill level 5 in Fighting
  1651 | D:3      | Reached skill level 5 in Maces & Flails
  2129 | D:4      | Found a white marble altar of Elyvilon.
  2162 | D:4      | Reached XP level 6. HP: 38/56 MP: 5/5
  2242 | D:4      | Found a shattered altar of Ashenzari.
  2432 | D:5      | Entered Level 5 of the Dungeon
  2453 | D:5      | Found Maoshry's Magic Scroll Boutique.
  2467 | D:5      | Reached skill level 6 in Fighting
  2471 | D:5      | Bought a scroll of teleportation for 33 gold pieces
  2471 | D:5      | Bought a scroll of identify for 22 gold pieces
  2471 | D:5      | Bought a scroll of enchant armour for 82 gold pieces
  2739 | D:5      | Noticed a sky beast
  2754 | D:5      | Reached skill level 7 in Fighting
  2783 | D:5      | Killed a sky beast
  2783 | D:5      | Reached XP level 7. HP: 43/67 MP: 6/6
  3110 | D:5      | Reached skill level 8 in Fighting
  3705 | D:6      | Found a staircase to the Ecumenical Temple.
  3719 | Temple   | Entered the Ecumenical Temple
  4137 | D:6      | Reached skill level 9 in Fighting
  4137 | D:6      | Reached skill level 1 in Axes
  4216 | D:6      | Reached skill level 2 in Axes
  4266 | D:6      | Reached skill level 3 in Axes
  4493 | D:7      | Reached skill level 4 in Axes
  4493 | D:7      | Reached XP level 8. HP: 53/78 MP: 7/7
  4506 | D:7      | Reached skill level 5 in Axes
  4699 | D:7      | Reached skill level 6 in Axes
  4846 | D:7      | Reached skill level 7 in Axes
  4872 | D:7      | Reached skill level 8 in Axes
  4948 | D:7      | Found Oleut's General Store.
  4951 | D:7      | Bought a potion of curing for 32 gold pieces
  4951 | D:7      | Bought a scroll of identify for 26 gold pieces
  4951 | D:7      | Bought a scroll of identify for 26 gold pieces
  5072 | D:7      | Reached skill level 9 in Axes
  5074 | D:7      | Reached XP level 9. HP: 77/83 MP: 8/8
  5087 | D:7      | Found a radiant altar of Vehumet.
  5146 | D:7      | Reached skill level 1 in Armour
  5232 | D:7      | Found a bloodstained altar of Trog.
  5336 | D:7      | Got a fading hand axe
  5574 | D:8      | Reached skill level 10 in Axes
  5574 | D:8      | Reached skill level 2 in Armour
  5616 | D:8      | Noticed a two-headed ogre
  5626 | D:8      | Killed a two-headed ogre
  5626 | D:8      | Reached skill level 10 in Fighting
  5626 | D:8      | Reached skill level 3 in Armour
  5716 | D:8      | Noticed a manticore
  5723 | D:8      | Killed a manticore
  5723 | D:8      | Reached skill level 11 in Axes
  5723 | D:8      | Reached skill level 4 in Armour
  5874 | D:8      | Reached XP level 10. HP: 87/94 MP: 9/9
  5885 | D:8      | Reached skill level 11 in Fighting
  5900 | D:8      | Identified the cursed +2 hand axe "Wuockoce" {freeze,
                  | Str+3} (You found it on level 7 of the Dungeon)
  6017 | D:8      | Found a blossoming altar of Fedhas.
  6080 | D:8      | Found a staircase to the Lair.
  6171 | D:8      | Reached skill level 5 in Armour
  6172 | D:8      | Found a staircase to the Orcish Mines.
  6359 | D:8      | Found an iron altar of Okawaru.
  6458 | D:8      | Found Damuduch's Distillery.
  6465 | D:8      | Bought a potion of heal wounds for 55 gold pieces
  6465 | D:8      | Bought a potion of heal wounds for 55 gold pieces
  6465 | D:8      | Bought a potion of heal wounds for 55 gold pieces
  6465 | D:8      | Bought 2 potions of curing for 55 gold pieces
  6616 | D:8      | Found a hide-covered altar of Uskayaw.
  6650 | D:8      | Became a worshipper of Uskayaw the Reveler
  6689 | D:9      | Reached * piety under Uskayaw
  6692 | D:9      | Found Jiggorhi's Antique Weapon Shoppe.
  6696 | D:9      | Reached ** piety under Uskayaw
  6699 | D:9      | Reached *** piety under Uskayaw
  6701 | D:9      | Reached **** piety under Uskayaw
  6702 | D:9      | Reached skill level 12 in Axes
  6881 | D:9      | Reached skill level 12 in Fighting
  7042 | D:9      | Found a transporter.
  7042 | D:9      | Found a glowing silver altar of Zin.
  7042 | D:9      | Noticed an orc warlord
  7043 | D:9      | Noticed a death knight
  7044 | D:9      | Found a sparkling altar of Nemelex Xobeh.
  7044 | D:9      | Noticed a brown ugly thing
  7046 | D:9      | Noticed a green ugly thing
  7055 | D:9      | Noticed a death drake
  7055 | D:9      | a hippogriff changed into a death drake
  7056 | D:9      | Reached skill level 6 in Armour
  7066 | D:9      | Found a transporter.
  7067 | D:9      | Noticed a torpor snail
  7067 | D:9      | a death drake changed into a torpor snail
  7098 | D:9      | Noticed a queen ant
  7179 | D:10     | Entered Level 10 of the Dungeon
  7301 | D:10     | Noticed Grum
  7308 | D:10     | Killed Grum
  7308 | D:10     | Reached skill level 1 in Invocations
  7313 | D:10     | Reached skill level 1 in Evocations
  7320 | D:10     | Reached ***** piety under Uskayaw
  7545 | D:10     | Reached XP level 11. HP: 72/105 MP: 1/11
  7609 | D:10     | Noticed a centaur warrior
  7626 | D:10     | Killed a centaur warrior
  7626 | D:10     | Reached skill level 2 in Invocations
  7819 | D:10     | Reached skill level 2 in Evocations
  8221 | D:10     | Found a portal to a secret trove of treasure.
  8288 | D:11     | Noticed Sonja
  8295 | D:11     | Killed Sonja
  8295 | D:11     | Reached skill level 13 in Axes
  8396 | D:11     | Reached skill level 13 in Fighting
  8396 | D:11     | Reached skill level 3 in Invocations
  8400 | D:11     | Reached skill level 7 in Armour
  8403 | D:11     | Reached ****** piety under Uskayaw
  8517 | D:11     | Noticed a cyclops
  8530 | D:11     | Killed a cyclops
  8530 | D:11     | Reached skill level 3 in Evocations
  8688 | D:11     | Noticed a tengu warrior
  8704 | D:11     | Killed a tengu warrior
  8774 | D:9      | Bought a glowing broad axe for 140 gold pieces
  8879 | D:11     | Found a sparkling altar of Nemelex Xobeh.
  8895 | D:11     | Noticed a centaur warrior
  8903 | D:11     | Killed a centaur warrior
  9037 | D:11     | Noticed Erolcha
  9046 | D:11     | Killed Erolcha
  9048 | D:11     | Reached skill level 4 in Invocations
  9090 | D:11     | Noticed Erica
  9097 | D:11     | Reached skill level 1 in Shields
  9099 | D:11     | Killed Erica
  9099 | D:11     | Reached XP level 12. HP: 103/116 MP: 14/14
  9240 | D:11     | Reached skill level 14 in Axes
  9370 | D:11     | Noticed a two-headed ogre
  9374 | D:11     | Killed a two-headed ogre
  9374 | D:11     | Reached skill level 8 in Armour
  9374 | D:11     | Reached skill level 2 in Shields
  9374 | D:11     | Reached skill level 4 in Evocations
  9509 | D:12     | Entered Level 12 of the Dungeon
  9524 | D:12     | Reached skill level 14 in Fighting
  9649 | D:12     | Noticed a two-headed ogre
  9652 | D:12     | Noticed Nessos
  9654 | D:12     | Killed a two-headed ogre
  9656 | D:12     | Killed Nessos
  9656 | D:12     | Reached skill level 3 in Shields
  9737 | D:12     | Noticed a yaktaur captain
  9744 | D:11     | Reached skill level 5 in Invocations
  9982 | D:12     | HP: 11/118 [yaktaur captain/bolt (19)]
 10355 | D:12     | Killed a yaktaur captain
 10487 | D:12     | Noticed a two-headed ogre
 10494 | D:12     | Killed a two-headed ogre
 10494 | D:12     | Reached skill level 4 in Shields
 10635 | D:12     | Noticed Rupert
 10647 | D:12     | Noticed a centaur warrior
 10852 | D:12     | Noticed a two-headed ogre
 10857 | D:12     | Killed a two-headed ogre
 10863 | D:12     | Noticed a centaur warrior
 10879 | D:12     | Reached skill level 9 in Armour
 10881 | D:12     | Killed a centaur warrior
 10881 | D:12     | Reached skill level 5 in Evocations
 10881 | D:12     | Reached XP level 13. HP: 55/125 MP: 16/16
 10905 | D:12     | Reached skill level 15 in Axes
 11215 | Lair:1   | Entered Level 1 of the Lair of Beasts
 11446 | Lair:1   | Reached skill level 15 in Fighting
 11586 | Lair:1   | Noticed Gastronok
 11589 | Lair:1   | Got a distressingly furry large shield
 11596 | Lair:1   | Killed Gastronok
 11596 | Lair:1   | Reached skill level 5 in Shields
 11596 | Lair:1   | Reached skill level 6 in Invocations
 11622 | Lair:1   | Identified the +8 large shield "Ugramm" {*Contam +Blink
                  | Int+4} (You found it on level 1 of the Lair of Beasts)
 12570 | Lair:2   | Got a brightly glowing hunting sling
 12829 | Lair:2   | Found a hole to the Spider Nest.
 13004 | Lair:2   | Reached skill level 6 in Shields
 13350 | Lair:3   | Found a transporter.
 13396 | Lair:3   | Found a staircase to the Swamp.
 13607 | Lair:3   | Reached skill level 10 in Armour
 13663 | Lair:3   | Found a transporter.
 13757 | Lair:3   | Noticed Kirke
 13763 | Lair:3   | Reached skill level 16 in Axes
 13767 | Lair:3   | Noticed a sphinx
 13771 | Lair:3   | Killed Kirke
 13771 | Lair:3   | Reached skill level 7 in Invocations
 13979 | Lair:3   | Reached skill level 16 in Fighting
 13979 | Lair:3   | Reached XP level 14. HP: 117/137 MP: 11/18
 14724 | Lair:4   | Noticed Urug
 14736 | Lair:4   | Killed Urug
 14736 | Lair:4   | Reached skill level 7 in Shields
 14898 | Lair:4   | Noticed Nergalle
 14907 | Lair:4   | Killed Nergalle
 14959 | Lair:4   | HP: 12/137 [ice dragon/blast of cold (42)]
 14961 | Lair:4   | HP: 5/137 [ice dragon (5)]
 16178 | Lair:5   | Found a viscous altar of Jiyva.
 16179 | Lair:5   | Found a staircase to the Slime Pits.
 16200 | Lair:5   | Found a viscous altar of Jiyva.
 16578 | Lair:5   | Found a transporter.
 16584 | Lair:5   | Identified the cursed +1 trident of Zeemat {antimagic,
                  | rElec rC- Int+9}
 16585 | Lair:5   | Found a bloodstained altar of Trog.
 16585 | Lair:5   | Identified the +5 rapier of Teiqydgh {elec, rF+ rC+ MR+
                  | SInv}
 16585 | Lair:5   | Noticed MisterOstroum's ghost (journeyman MiRe)
 16586 | Lair:5   | Identified the +9 trident "Ucasyxt" {flame, rN+ Str+3}
 16826 | Lair:5   | Found a transporter.
 16966 | Swamp:1  | Entered Level 1 of the Swamp
 17111 | Swamp:3  | Entered Level 3 of the Swamp
 17123 | Swamp:3  | Noticed a thorn hunter
 17139 | Swamp:3  | HP: 17/138 [thorn hunter (11)]
 17141 | Swamp:3  | HP: 7/138 [thorn hunter/volley of thorns (28)]
 17141 | Swamp:3  | HP: 3/138 [swamp dragon (4)]
 17146 | Swamp:3  | HP: 7/138 [thorn hunter/volley of thorns (23)]
 17146 | Swamp:3  | HP: 2/138 [six-headed hydra (5)]
 17146 | Swamp:3  | Slain by a six-headed hydra

Skill      XL: |  1  2  3  4  5  6  7  8  9 10 11 12 13 14 |
---------------+-------------------------------------------+-----
Fighting       | 2 4 5 7 9 10 12 13 14 16 | 16.7
Maces & Flails | 2 4 5 |  5.0
Axes           | 4 9 11 12 13 14 16 | 16.8
Armour         | 4 6 7 9 10 | 10.9
Invocations    | 1 4 5 7 |  7.8
Evocations     | 1 3 5 |  5.0
Shields        | 1 4 6 7 |  7.8
Dodging        | |  3.2
Stealth        | |  2.6

Action                   |  1- 3 |  4- 6 |  7- 9 | 10-12 | 13-15 || total
-------------------------+-------+-------+-------+-------+-------++-------
Melee: Whip              |    72 |    88 |    24 |       |       ||   184
       Headbutt          |    11 |    14 |    35 |    78 |    68 ||   206
       War axe           |       |       |   154 |    20 |       ||   174
       Hand axe          |       |       |       |   260 |       ||   260
       Broad axe         |       |       |       |   144 |   375 ||   519
Throw: Tomahawk          |       |       |       |       |     7 ||     7
Invok: Line Pass         |       |       |       |     2 |     1 ||     3
       Stomp             |       |       |       |     1 |     9 ||    10
 Abil: Evoke Berserk Rag |       |       |       |       |     1 ||     1
Evoke: Wand              |       |       |       |     1 |     3 ||     4
  Use: Scroll            |     1 |     3 |     5 |    10 |     8 ||    27
       Potion            |       |       |       |     1 |     6 ||     7
 Stab: Sleeping          |     4 |     5 |       |       |       ||     9
       Distracted        |       |     1 |       |       |       ||     1
       Paralysed         |       |       |       |    35 |    59 ||    94
  Eat: Chunk             |     3 |     6 |    14 |    21 |    30 ||    74
       Ration            |       |       |       |     1 |     1 ||     2
Armor: Robe              |    22 |     6 |       |       |       ||    28
       Ring mail         |       |    17 |    10 |       |       ||    27
       Scale mail        |       |       |    23 |       |       ||    23
       Plate armour      |       |       |    40 |   270 |   216 ||   526
Dodge: Dodged            |    32 |    41 |    66 |   112 |    20 ||   271
Block: Buckler           |       |       |       |    19 |       ||    19
       Medium shield     |       |       |       |    32 |    23 ||    55
       Large shield      |       |       |       |       |   440 ||   440

Levels and vault maps discovered:
D:1:      shiori_arrival_elements, layout_basic
D:2:      minmay_chambers_of_ones, layout_basic, uniq_crazy_yiuf_cottage
D:3:      layout_basic
D:4:      minmay_polygon_palace, layout_basic, cheibrodos_ashenzari_chains,
          nicolae_overflow_hidden_temple, overflow_temple_1_default,
          uniq_duvessa, uniq_sigmund
D:5:      layout_gridville, serial_shops, shop, first_ration,
          hangedman_decor_slide_cut
D:6:      layout_rooms, minmay_temple_entry_slanted
D:7:      layout_loops_ring, vehumet_altar_wand_db, lemuel_round_altar,
          serial_shops, kennysheep_mini
D:8:      layout_basic, lemuel_coloured_pillars_altar,
          fedhas_bush_and_centaur_altar, kennysheep_mini_moat,
          grunt_lair_entry_orc_guard_hut, david_orc_3, serial_shops, shop
D:9:      layout_roguey, gammafunk_temple_overflow_arena, serial_shops, shop
D:10:     layout_loops_corners, nicolae_trove_entry_columns, uniq_grum
D:11:     layout_rooms, grunt_ogre_cave, nemelex_xobeh_ov_fountains_minmay,
          uniq_erica, uniq_erolcha, uniq_sonja
D:12:     grunt_enter_depths_snipers, layout_small_grid, david_vaults_3,
          nrook_mini_backslash, serial_shops, shop, uniq_rupert
Temple:   oiseaux_autumnal_temple
Lair:1:   layout_regular_city, serial_bayou_crossing, wad_woods_river_01,
          uniq_gastronok
Lair:2:   layout_regular_city, spider_nest_entry_web_field,
          minmay_shattered_shrine, infiniplex_staircase_pool
Lair:3:   gammafunk_cloud_chamber, layout_regular_city,
          minmay_swamp_entry_worms, enter_volcano_4,
          hangedman_lair_generics_rect, minmay_lair_oklob_chamber, uniq_kirke
Lair:4:   layout_cave_pods, bobbens_ice_dragon_lair, uniq_nergalle, uniq_urug
Lair:5:   layout_hall_layers, nicolae_slime_entry_slimehenge,
          gammafunk_ghost_wrathful_warriors, roderic_batcave
Swamp:1:  layout_basic_swamp, hangedman_swamp_lotus, swamp_pool2, uniq_frances
Swamp:2:  layout_basic_swamp, serial_swamp_ruin, evilmike_swamp_ruin_wall,
          evilmike_swamp_ruin_rubble_1
Swamp:3:  swamp, layout_basic_swamp, swamp_pool1, infiniplex_staircase_pool_2

Table legend:
 A = Turns spent in this place as a percentage of turns spent in the entire game.
 B = Non-inter-level travel turns spent in this place as a percentage of non-inter-level travel turns spent in the entire game.
 C = Inter-level travel turns spent in this place as a percentage of turns spent in this place.
 D = Turns resting spent in this place as a percentage of non-inter-level travel turns spent in this place.
 E = Turns spent auto-exploring this place as a percentage of non-inter-level travel turns spent in this place.
 F = Non-inter-level travel turns spent in this place divided by the number of levels of this place that you've seen.
                   A       B       C       D       E      F
               +-------+-------+-------+-------+-------+----------------------
         Total | 100.0 | 100.0 |   3.6 |  12.6 |  70.5 | 786.8
       Dungeon |  63.4 |  63.3 |   3.8 |  10.8 |  70.5 | 872.0
        Temple |   2.0 |   1.9 |   8.0 |   0.0 |  92.6 | 311.0
          Lair |  33.5 |  33.7 |   3.2 |  16.3 |  70.9 | 1113.4
         Swamp |   1.0 |   1.1 |   0.0 |  26.7 |  13.9 |  60.0
               +-------+-------+-------+-------+-------+----------------------

Table legend:
 A = Kills in this place as a percentage of kills in entire the game.
 B = Kills by you in this place as a percentage of kills by you in the entire game.
 C = Kills by friends in this place as a percentage of kills by friends in the entire game.
 D = Other kills in this place as a percentage of other kills in the entire game.
 E = Experience gained in this place as a percentage of experience gained in the entire game.
 F = Experience gained in this place divided by the number of levels of this place that you have seen.
                   A       B       C       D       E      F
               +-------+-------+-------+-------+-------+----------------------
         Total | 100.0 | 100.0 |   N/A | 100.0 | 100.0 | 4113.7
       Dungeon |  63.8 |  64.2 |   N/A |   0.0 |  47.0 | 3386.2
          Lair |  31.9 |  31.9 |   N/A |  33.3 |  44.3 | 7656.4
         Swamp |   4.3 |   3.9 |   N/A |  66.7 |   8.6 | 2490.7
               +-------+-------+-------+-------+-------+----------------------
